[Event "44th Chess Olympiad Open 2022"]
[Site "Chennai"]
[Date "2022.08.05"]
[Round "7.13"]
[White "Duda, Jan-Krzysztof"]
[Black "Paragua, Mark"]
[Result "0-1"]
[ECO "B90"]
[WhiteElo "2750"]
[BlackElo "2461"]
[Annotator "TA"]
[PlyCount "72"]
[EventDate "2022.07.29"]
[EventType "team-tourn"]
[EventCountry "IND"]
[SourceTitle "playchess.com"]
[Source "ChessBase"]
[SourceQuality "1"]
[WhiteTeam "Poland"]
[BlackTeam "Philippines"]
[WhiteTeamCountry "POL"]
[BlackTeamCountry "PHI"]
[TimeControl "40/5400+30:1800+30"]

1. e4 c5 2. Nf3 d6 3. d4 cxd4 4. Nxd4 Nf6 5. Nc3 a6 6. h3 e5 7. Nde2 h5 {[%emt 0:00:08] B90: Sicilian Najdorf: Unusual White 6th moves, 6 Be3 Ng4 and 6 Be3 e5.} 8. Bg5 Be6 9. Bxf6 Qxf6 {[%emt 0:00:08] The position is equal.} 10. Nd5 Qd8 11. Qd3 Nd7 12. O-O-O g6 13. Kb1 Nc5 14. Qa3 {[%emt 0:00:09] is now more promising than 14.Qf3.} h4 15. Nec3 Bg7 16. Ne3 {[%emt 0:03:05] [#]} O-O $146 ({Predecessor:} 16... b5 17. b4 Nb7 18. Ncd5 O-O 19. Qd3 a5 20. c3 axb4 21. cxb4 Qb8 22. Be2 Nd8 {1-0 (58) Alinasab,M (2317)-Vantika,A (2238) Tornelo INT 2021}) 17. b4 (17. Bc4 $5 ) 17... Nd7 18. Rxd6 Qc7 {[%emt 0:04:21] Prevents Bc4.} 19. Rd2 Nb6 20. Ncd5 Bxd5 21. Rxd5 Nxd5 22. Nxd5 Qd8 23. Qe3 a5 24. a3 (24. b5 $11) 24... axb4 $17 25. axb4 Qd7 {[%emt 0:02:43] aiming for ...Qa4.} 26. Bc4 Qa4 $1 27. Qc3 {[%emt 0:03:32] Prevents Qa1+.} b5 28. Bb3 ({Avoid the trap} 28. Nb6 $2 Qa7 29. Bxf7+ (29. Nxa8 $2 bxc4 30. Qa1 Qb7 $19) 29... Kxf7 $19) 28... Qa7 29. Rf1 (29. Qb2 $142) 29... Rfc8 $19 30. Qb2 Rc6 {[%emt 0:00:18] Strongly threatening ...Ra6.} 31. Nc3 Ra6 $40 {[%emt 0:08:55][%mdl 128] ( -> ...Ra1+). Black goes for the king.} 32. Na2 Qd4 33. Bd5 Rd8 34. Qb3 (34. Qxd4 $17 {might work better.} exd4 35. Rd1) 34... Kh7 ({Inferior is} 34... Rc8 35. Bxf7+ Kh8 36. Qd3 $17) 35. Qd3 $2 {[%emt 0:06:52] [#]} (35. Rh1) 35... Rxd5 $1 36. exd5 {[%emt 0:00:12] [#]} Qa7 $1 {[%emt 0:00:03] Weighted Error Value: White=0.35/Black=0.05 (flawless)} 0-1

[Event "44th Chess Olympiad Open 2022"]
[Site "Chennai"]
[Date "2022.08.05"]
[Round "7.13"]
[White "Moranda, Wojciech"]
[Black "Gomez, John Paul"]
[Result "1/2-1/2"]
[ECO "C67"]
[WhiteElo "2636"]
[BlackElo "2451"]
[Annotator "RC"]
[PlyCount "62"]
[EventDate "2022.07.29"]
[EventType "team-tourn"]
[EventCountry "IND"]
[SourceTitle "playchess.com"]
[Source "ChessBase"]
[SourceQuality "1"]
[WhiteTeam "Poland"]
[BlackTeam "Philippines"]
[WhiteTeamCountry "POL"]
[BlackTeamCountry "PHI"]
[TimeControl "40/5400+30:1800+30"]

1. e4 e5 2. Nf3 Nc6 3. Bb5 Nf6 4. O-O Nxe4 5. Re1 Nd6 6. Nxe5 Be7 7. Bf1 Nxe5 8. Rxe5 O-O 9. d4 Bf6 10. Re1 Re8 11. Bf4 Rxe1 12. Qxe1 Ne8 13. Bd3 d5 14. Be5 g6 15. Bxf6 Nxf6 16. Qe5 Ne8 17. Nd2 Ng7 18. Re1 Bf5 19. Bxf5 Nxf5 20. Nf3 c6 21. c3 f6 22. Qe6+ Kf8 23. Nd2 Rc8 24. Nb3 b6 25. Nc1 Rc7 26. Nd3 Qe7 27. Kf1 Qxe6 28. Rxe6 Kf7 29. Re2 Re7 30. Nb4 Rxe2 31. Kxe2 Ne7 1/2-1/2

[Event "44th Chess Olympiad Open 2022"]
[Site "Chennai"]
[Date "2022.08.05"]
[Round "7.13"]
[White "Barcenilla, Rogelio"]
[Black "Piorun, Kacper"]
[Result "1/2-1/2"]
[ECO "A21"]
[WhiteElo "2463"]
[BlackElo "2636"]
[Annotator "ChessBase"]
[PlyCount "77"]
[EventDate "2022.07.29"]
[EventType "team-tourn"]
[EventCountry "IND"]
[SourceTitle "playchess.com"]
[Source "ChessBase"]
[SourceQuality "1"]
[WhiteTeam "Philippines"]
[BlackTeam "Poland"]
[WhiteTeamCountry "PHI"]
[BlackTeamCountry "POL"]
[TimeControl "40/5400+30:1800+30"]

1. c4 e5 2. Nc3 d6 3. g3 f5 4. Bg2 Nf6 5. d3 Be7 6. e3 O-O 7. Nge2 c6 8. O-O Be6 9. Rb1 Nbd7 10. b4 Rc8 11. f4 Qc7 12. Bd2 g6 13. Qc2 d5 14. c5 b6 15. Na4 Bf7 16. Rfc1 Rfe8 17. d4 exf4 18. gxf4 Ne4 19. Nb2 bxc5 20. bxc5 Rb8 21. Nd3 Rxb1 22. Rxb1 Rb8 23. Be1 h6 24. Rxb8+ Qxb8 25. Qb3 Qc7 26. Ng3 Kf8 27. Kf1 Bf6 28. Qa4 Qb7 29. Qb3 Qc7 30. Qa4 Be6 31. Kg1 Bd8 32. Nf1 Qb7 33. Qb3 Qc8 34. Nd2 Nxd2 35. Bxd2 Bc7 36. Qa4 Qb7 37. Qb3 Qc8 38. Qa4 Qb7 39. Qb3 1/2-1/2

[Event "44th Chess Olympiad Open 2022"]
[Site "Chennai"]
[Date "2022.08.05"]
[Round "7.13"]
[White "Laylo, Darwin"]
[Black "Bartel, Mateusz"]
[Result "0-1"]
[ECO "D30"]
[WhiteElo "2432"]
[BlackElo "2597"]
[Annotator "RC"]
[PlyCount "46"]
[EventDate "2022.07.29"]
[EventType "team-tourn"]
[EventCountry "IND"]
[SourceTitle "playchess.com"]
[Source "ChessBase"]
[SourceQuality "1"]
[WhiteTeam "Philippines"]
[BlackTeam "Poland"]
[WhiteTeamCountry "PHI"]
[BlackTeamCountry "POL"]
[TimeControl "40/5400+30:1800+30"]

1. d4 Nf6 2. c4 e6 3. Nf3 d5 4. e3 Nbd7 5. b3 Ne4 6. Nbd2 f5 7. Bb2 Qf6 8. Qc2 c6 9. c5 g5 10. Be2 g4 11. Nxe4 fxe4 12. Ne5 Nxe5 13. dxe5 Qg5 14. Qc3 Bd7 15. h3 g3 16. O-O gxf2+ 17. Rxf2 O-O-O 18. Qa5 Qxe3 19. b4 Be7 20. Qxa7 Rdf8 21. Ba6 Qxf2+ 22. Kh1 bxa6 23. Qxa6+ Kd8 0-1

[Event "44th Chess Olympiad Open 2022"]
[Site "Chennai"]
[Date "2022.08.05"]
[Round "7.14"]
[White "Saric, Ivan"]
[Black "Batsuren, Dambasuren"]
[Result "1-0"]
[ECO "B12"]
[WhiteElo "2680"]
[BlackElo "2518"]
[Annotator "RC"]
[PlyCount "69"]
[EventDate "2022.07.29"]
[EventType "team-tourn"]
[EventCountry "IND"]
[SourceTitle "playchess.com"]
[Source "ChessBase"]
[SourceQuality "1"]
[WhiteTeam "Croatia"]
[BlackTeam "Mongolia"]
[WhiteTeamCountry "CRO"]
[BlackTeamCountry "MGL"]
[TimeControl "40/5400+30:1800+30"]

1. e4 c6 2. d4 d5 3. e5 Bf5 4. Nf3 e6 5. Be2 Ne7 6. O-O Ng6 7. Ne1 h5 8. c3 c5 9. a3 Nc6 10. b4 cxd4 11. cxd4 f6 12. b5 Na5 13. Bd3 Bxd3 14. Qxd3 Kf7 15. Nf3 Nc4 16. Nbd2 Rc8 17. Re1 Qd7 18. Rb1 Be7 19. h4 Rc7 20. g3 Qc8 21. exf6 gxf6 22. Nxc4 Rxc4 23. Bd2 Bd6 24. Re3 Ra4 25. Bb4 Bxb4 26. axb4 Qc4 27. Qd1 Qa2 28. Rc1 Ne7 29. Qe1 Rc8 30. Ng5+ fxg5 31. Rf3+ Ke8 32. Rxc8+ Kd7 33. Rc1 Nf5 34. Rxf5 exf5 35. Qe5 1-0

[Event "44th Chess Olympiad Open 2022"]
[Site "Chennai"]
[Date "2022.08.05"]
[Round "7.14"]
[White "Kozul, Zdenko"]
[Black "Gundavaa, Bayarsaikhan"]
[Result "0-1"]
[ECO "D38"]
[WhiteElo "2602"]
[BlackElo "2503"]
[Annotator "ChessBase"]
[PlyCount "82"]
[EventDate "2022.07.29"]
[EventType "team-tourn"]
[EventCountry "IND"]
[SourceTitle "playchess.com"]
[Source "ChessBase"]
[SourceQuality "1"]
[WhiteTeam "Croatia"]
[BlackTeam "Mongolia"]
[WhiteTeamCountry "CRO"]
[BlackTeamCountry "MGL"]
[TimeControl "40/5400+30:1800+30"]

1. d4 Nf6 2. c4 e6 3. Nf3 d5 4. Nc3 Bb4 5. Bg5 h6 6. Bxf6 Qxf6 7. e3 O-O 8. Rc1 Nc6 9. cxd5 exd5 10. a3 Bxc3+ 11. Rxc3 Ne7 12. b4 a6 13. Ne5 c6 14. Bd3 Bf5 15. a4 Bxd3 16. Qxd3 Qe6 17. O-O Rfc8 18. Rfc1 Nf5 19. Qb1 Nd6 20. h3 Re8 21. Rb3 Nc4 22. Nxc4 dxc4 23. Ra3 b5 24. Qb2 Qd6 25. Rca1 Re6 26. f3 f5 27. h4 Rae8 28. axb5 axb5 29. Qd2 Qe7 30. h5 Rxe3 31. Rxe3 Qxe3+ 32. Qxe3 Rxe3 33. Ra6 Rb3 34. Rxc6 Rxb4 35. Rc7 Rb2 36. d5 Kf8 37. Kf1 Rd2 38. Rc5 b4 39. Ke1 c3 40. Rc4 Rxg2 41. Rxb4 Rg1+ 0-1

[Event "44th Chess Olympiad Open 2022"]
[Site "Chennai"]
[Date "2022.08.05"]
[Round "7.14"]
[White "Bilguun, Sumiya"]
[Black "Bosiocic, Marin"]
[Result "0-1"]
[ECO "B30"]
[WhiteElo "2463"]
[BlackElo "2549"]
[Annotator "ChessBase"]
[PlyCount "76"]
[EventDate "2022.07.29"]
[EventType "team-tourn"]
[EventCountry "IND"]
[SourceTitle "playchess.com"]
[Source "ChessBase"]
[SourceQuality "1"]
[WhiteTeam "Mongolia"]
[BlackTeam "Croatia"]
[WhiteTeamCountry "MGL"]
[BlackTeamCountry "CRO"]
[TimeControl "40/5400+30:1800+30"]

1. e4 c5 2. Nc3 Nc6 3. Bb5 Nd4 4. Nf3 e6 5. O-O a6 6. Bd3 Nc6 7. b3 g6 8. e5 Bg7 9. Re1 d5 10. exd6 Nf6 11. Ba3 b6 12. Ne4 Bb7 13. Nxf6+ Qxf6 14. c3 Na7 15. d7+ Kxd7 16. Ne5+ Ke7 17. b4 Nb5 18. bxc5 Bxg2 19. Bxb5 axb5 20. Bb4 Bd5 21. cxb6+ Kd8 22. Qg4 h5 23. Qg3 h4 24. Qg4 Rh5 25. f4 Rf5 26. Bd6 Kc8 27. Nf3 Qd8 28. Bc7 Qe7 29. Be5 Bxe5 30. Rxe5 Ra4 31. Nd4 Qc5 32. Re3 Rxd4 33. cxd4 Qxd4 34. Rc1+ Bc4 35. Qf3 Rxf4 36. Qc6+ Kd8 37. Rxc4 bxc4 38. b7 Qa1+ 0-1

[Event "44th Chess Olympiad Open 2022"]
[Site "Chennai"]
[Date "2022.08.05"]
[Round "7.14"]
[White "Amartuvshin, Ganzorig"]
[Black "Brkic, Ante"]
[Result "0-1"]
[ECO "D39"]
[WhiteElo "2409"]
[BlackElo "2611"]
[Annotator "ChessBase"]
[PlyCount "78"]
[EventDate "2022.07.29"]
[EventType "team-tourn"]
[EventCountry "IND"]
[SourceTitle "playchess.com"]
[Source "ChessBase"]
[SourceQuality "1"]
[WhiteTeam "Mongolia"]
[BlackTeam "Croatia"]
[WhiteTeamCountry "MGL"]
[BlackTeamCountry "CRO"]
[TimeControl "40/5400+30:1800+30"]

1. d4 Nf6 2. c4 e6 3. Nf3 d5 4. Nc3 Bb4 5. Bg5 dxc4 6. a3 Bxc3+ 7. bxc3 Nbd7 8. Qa4 a6 9. Qxc4 b5 10. Qd3 Bb7 11. Nd2 h6 12. Bh4 c5 13. e4 cxd4 14. cxd4 Qa5 15. f3 Rc8 16. Be2 Nh5 17. O-O Nf4 18. Qe3 g5 19. Bg3 Rc3 20. Qf2 Rxa3 21. Nb3 Qb4 22. Rxa3 Qxa3 23. Bd1 Qd6 24. Qe3 O-O 25. e5 Qe7 26. h4 f5 27. exf6 Qxf6 28. hxg5 hxg5 29. Bc2 Nb6 30. Bxf4 gxf4 31. Qd3 Rf7 32. Nc5 Bd5 33. Ra1 Rg7 34. Rxa6 Nc4 35. Nxe6 Bxe6 36. d5 Rxg2+ 37. Kxg2 Ne3+ 38. Qxe3 fxe3 39. Rxe6 Qc3 0-1

[Event "44th Chess Olympiad Open 2022"]
[Site "Chennai"]
[Date "2022.08.05"]
[Round "7.15"]
[White "Navara, David"]
[Black "Megaranto, Susanto"]
[Result "1-0"]
[ECO "B05"]
[WhiteElo "2688"]
[BlackElo "2529"]
[Annotator "TA"]
[PlyCount "131"]
[EventDate "2022.07.29"]
[EventType "team-tourn"]
[EventCountry "IND"]
[SourceTitle "playchess.com"]
[Source "ChessBase"]
[SourceQuality "1"]
[WhiteTeam "Czech Republic"]
[BlackTeam "Indonesia"]
[WhiteTeamCountry "CZE"]
[BlackTeamCountry "INA"]
[TimeControl "40/5400+30:1800+30"]

1. e4 Nf6 2. e5 Nd5 3. d4 d6 4. Nf3 Bg4 5. Be2 e6 6. h3 Bh5 7. O-O Be7 8. c4 Nb6 9. Nc3 O-O 10. Be3 N8d7 11. b3 {[%emt 0:10:37] B05: Alekhine's Defence: 4 Nf3 Bg4.} dxe5 12. Nxe5 Nxe5 13. Bxh5 {[%emt 0:00:46] White is slightly better.} Ng6 {[%emt 0:00:31] [#]} 14. g3 $146 ({Predecessor:} 14. Bxg6 hxg6 15. Qg4 c6 16. Rad1 Qc7 17. Bf4 Qc8 18. Rd3 Rd8 19. Rfd1 Rd7 20. Qg3 {½-½ (38) Heijnens,R-Van der Drift,A Netherlands 1984}) 14... c6 15. Qe2 Nc8 16. Rad1 Qa5 17. Ne4 Nd6 18. Bd2 Qd8 19. Nc5 Bf6 20. Bc3 Qc7 21. Rd3 Rad8 22. Bf3 Rfe8 23. Ne4 Nxe4 24. Bxe4 Re7 25. h4 Red7 26. h5 Ne7 27. Rfd1 c5 28. Qe3 cxd4 29. Bxd4 Bxd4 30. Rxd4 Rxd4 31. Rxd4 Rxd4 32. Qxd4 $14 {[%emt 0:00:08][%mdl 4096] Endgame KQB-KQN} b6 33. b4 f5 34. Bg2 Kf7 35. c5 bxc5 $1 36. bxc5 Ng8 37. c6 Nf6 38. Qb4 Ne8 (38... Ke8 $14) 39. h6 $16 {[%emt 0:00:46] 0x0.00144c2ec758dp-1022s more active pieces.} gxh6 40. Bf3 (40. Qd2 $142 $1 ) 40... Qd6 (40... Nf6 $16 {was called for.}) 41. Qb7+ Nc7 42. Qxa7 e5 43. Qb8 $1 e4 44. Bh5+ Ke6 45. Qc8+ Ke5 46. Qd7 {[%emt 0:04:23] And now Bf7 would win.} Ne6 47. Bf7 {[%emt 0:00:41] Bxe6 is the strong threat.} (47. Qxh7 Qxc6 48. Qxh6 Qb5 $16) 47... Nd8 48. Be8 {[%emt 0:00:54] Strongly threatening c7.} (48. Qe8+ Kf6 49. Bc4 Nxc6 $16) 48... Ne6 {[%emt 0:00:10] Prevents c7.} 49. Bf7 $2 (49. Qxh7 Qd1+ 50. Kh2 Qd2 $11) (49. Qxd6+ $18 Kxd6 50. Bd7) 49... Nd8 $1 50. Be8 (50. Qe8+ $16 Kf6 51. Bc4) 50... Ne6 $18 {[%emt 0:00:03] White stays focused until the end.} 51. Qxd6+ ({Worse is} 51. Qxh7 Qd1+ 52. Kh2 Qd2 $11) 51... Kxd6 {[%emt 0:00:05] [#] KB-KN} 52. Bd7 $1 {[%emt 0:00:04] Threatens to win with Bxe6.} Nc5 53. Kg2 (53. Bxf5 Kxc6 54. Bxh7 Kd6 $16) 53... Kc7 (53... Nxd7 $2 54. cxd7 Kxd7 55. Kh3 $18) 54. a3 (54. Bxf5 Kxc6 55. f3 (55. Bxh7 Kd5 $16) 55... exf3+ 56. Kxf3 Na4 $16) 54... Kd6 (54... Nxd7 $2 55. cxd7 Kxd7 56. Kh3 $18) 55. Kh3 $2 (55. Bxf5 $18 Kxc6 56. a4 (56. Bxh7 Kd5 $16)) 55... Kc7 $2 (55... Nxd7 $2 56. cxd7 Kxd7 57. Kh4 $18) (55... Nd3 $1 $14) 56. Bxf5 {[%emt 0:00:24] aiming for Kh4.} Kxc6 57. Bxh7 Kd5 58. Bg6 Kd4 59. Be8 {[%emt 0:00:31] Against Na4} e3 $2 (59... Nd3 60. Kg2 e3 61. fxe3+ Kxe3) 60. fxe3+ Kxe3 61. a4 Nb7 62. Kh4 {[%emt 0:00:39] White wants to mate with Kh5.} Nd6 63. Bg6 Nb7 64. Kh5 Kf3 {[%emt 0:00:24] [#]} 65. g4 $1 Kf4 66. Bf5 {[%emt 0:00:06] Weighted Error Value: White=0.30/Black=0.36} 1-0

[Event "44th Chess Olympiad Open 2022"]
[Site "Chennai"]
[Date "2022.08.05"]
[Round "7.15"]
[White "Hracek, Zbynek"]
[Black "Taher, Yoseph Theolifus"]
[Result "1-0"]
[ECO "B12"]
[WhiteElo "2555"]
[BlackElo "2463"]
[Annotator "ChessBase"]
[PlyCount "85"]
[EventDate "2022.07.29"]
[EventType "team-tourn"]
[EventCountry "IND"]
[SourceTitle "playchess.com"]
[Source "ChessBase"]
[SourceQuality "1"]
[WhiteTeam "Czech Republic"]
[BlackTeam "Indonesia"]
[WhiteTeamCountry "CZE"]
[BlackTeamCountry "INA"]
[TimeControl "40/5400+30:1800+30"]

1. e4 c6 2. d4 d5 3. e5 Bf5 4. c4 e6 5. Nc3 Nd7 6. cxd5 cxd5 7. Bd3 Bg6 8. h4 Bxd3 9. Qxd3 h5 10. Nf3 a6 11. O-O Be7 12. g3 g6 13. Ne2 Kf8 14. Bg5 Kg7 15. Rac1 Nb8 16. b4 Nc6 17. a3 Qd7 18. Rc3 Bxg5 19. Nxg5 Nge7 20. Rfc1 Rac8 21. Kg2 Nb8 22. Nf4 Rxc3 23. Rxc3 Nbc6 24. f3 Nf5 25. Ne2 Qe7 26. Qd2 Rh6 27. Qc1 Rh8 28. Rc5 Qd7 29. g4 Nfe7 30. Qf4 Ng8 31. Kg3 hxg4 32. fxg4 f6 33. Nf3 Qe7 34. a4 fxe5 35. dxe5 a5 36. Ned4 axb4 37. Ng5 Nh6 38. Nxc6 bxc6 39. Rxc6 Re8 40. Rxe6 Qd8 41. Rxe8 Qxe8 42. Qf6+ Kg8 43. Ne6 1-0

[Event "44th Chess Olympiad Open 2022"]
[Site "Chennai"]
[Date "2022.08.05"]
[Round "7.15"]
[White "Priasmoro, Novendra"]
[Black "Nguyen, Thai Dai Van"]
[Result "1/2-1/2"]
[ECO "B30"]
[WhiteElo "2494"]
[BlackElo "2629"]
[Annotator "ChessBase"]
[PlyCount "79"]
[EventDate "2022.07.29"]
[EventType "team-tourn"]
[EventCountry "IND"]
[SourceTitle "playchess.com"]
[Source "ChessBase"]
[SourceQuality "1"]
[WhiteTeam "Indonesia"]
[BlackTeam "Czech Republic"]
[WhiteTeamCountry "INA"]
[BlackTeamCountry "CZE"]
[TimeControl "40/5400+30:1800+30"]

1. e4 c5 2. Nf3 Nc6 3. Bb5 e6 4. O-O Nge7 5. Re1 a6 6. Bxc6 Nxc6 7. d4 cxd4 8. Nxd4 Nxd4 9. Qxd4 b5 10. Nc3 f6 11. a4 b4 12. Nd5 Qa5 13. Qb6 Qxb6 14. Nxb6 Rb8 15. Nc4 Bb7 16. Bf4 e5 17. Bg3 Rc8 18. b3 Bc5 19. Rad1 Ke7 20. Kf1 Rhd8 21. f4 d6 22. Na5 Ba8 23. Re2 g5 24. fxg5 fxg5 25. Rd3 Rf8+ 26. Ke1 Rf6 27. Nc4 Rcf8 28. Nd2 Bb7 29. Rf3 a5 30. Rxf6 Rxf6 31. Bf2 Ba6 32. Bxc5 dxc5 33. Rf2 Rxf2 34. Kxf2 Kd6 35. Ke3 h6 36. g3 Ke6 37. Nf3 Kd6 38. Nd2 Ke6 39. Nf3 Kd6 40. Nd2 1/2-1/2

[Event "44th Chess Olympiad Open 2022"]
[Site "Chennai"]
[Date "2022.08.05"]
[Round "7.15"]
[White "Ervan, Mohamad"]
[Black "Michalik, Peter"]
[Result "1/2-1/2"]
[ECO "C81"]
[WhiteElo "2402"]
[BlackElo "2559"]
[Annotator "ChessBase"]
[PlyCount "82"]
[EventDate "2022.07.29"]
[EventType "team-tourn"]
[EventCountry "IND"]
[SourceTitle "playchess.com"]
[Source "ChessBase"]
[SourceQuality "1"]
[WhiteTeam "Indonesia"]
[BlackTeam "Czech Republic"]
[WhiteTeamCountry "INA"]
[BlackTeamCountry "CZE"]
[TimeControl "40/5400+30:1800+30"]

1. e4 e5 2. Nf3 Nc6 3. Bb5 a6 4. Ba4 Nf6 5. O-O Nxe4 6. d4 b5 7. Bb3 d5 8. dxe5 Be6 9. Qe2 Be7 10. Rd1 O-O 11. c4 bxc4 12. Bxc4 Bc5 13. Be3 Bxe3 14. Qxe3 Qb8 15. Bb3 Na5 16. Nbd2 Nxb3 17. Nxb3 c5 18. Nxc5 Nxc5 19. Qxc5 Qxb2 20. Qd4 Qe2 21. Rd2 Qe4 22. Re1 Qg6 23. Qd3 Qxd3 24. Rxd3 Rfb8 25. Rd2 Rb4 26. h3 Rc8 27. Re3 a5 28. Rb3 Re4 29. Rb5 a4 30. Ra5 h6 31. Nd4 Rc4 32. Nc2 Kh7 33. f3 Rxe5 34. Kf2 f6 35. a3 Bf7 36. Nb4 Be8 37. Raxd5 Rxd5 38. Nxd5 Rc1 39. Rd4 Rc2+ 40. Kg1 Rc6 41. Rb4 Rc1+ 1/2-1/2

[Event "44th Chess Olympiad Open 2022"]
[Site "Chennai"]
[Date "2022.08.05"]
[Round "7.16"]
[White "Deac, Bogdan-Daniel"]
[Black "Bachmann, Axel"]
[Result "1-0"]
[ECO "B44"]
[WhiteElo "2692"]
[BlackElo "2588"]
[Annotator "TA"]
[PlyCount "101"]
[EventDate "2022.07.29"]
[EventType "team-tourn"]
[EventCountry "IND"]
[SourceTitle "playchess.com"]
[Source "ChessBase"]
[SourceQuality "1"]
[WhiteTeam "Romania"]
[BlackTeam "Paraguay"]
[WhiteTeamCountry "ROU"]
[BlackTeamCountry "PAR"]
[TimeControl "40/5400+30:1800+30"]

1. e4 c5 2. Nf3 e6 3. d4 cxd4 4. Nxd4 Nc6 5. a3 d5 6. exd5 {[%emt 0:07:42] B44: Sicilian: Taimanov: 5 Nb5.} exd5 7. Nc3 Nf6 8. Be3 $5 {[%emt 0:01:46][%mdl 4] White is slightly better. An interesting side line.} Bd6 {[%emt 0:05:42] [#]} 9. Qd2 $146 ({Predecessor:} 9. Be2 O-O 10. O-O Re8 11. Bf3 Be6 12. g3 Bc7 13. Nce2 Nxd4 14. Nxd4 Bb6 15. c3 Qd7 {1-0 (36) Fiscato,C (1709)-Fanchin,M (1273) Chioggia 2019}) 9... O-O 10. O-O-O Be6 11. f3 Nxd4 12. Bxd4 Nd7 13. f4 Nc5 14. g3 ({Better is} 14. f5 Bxf5 15. Qf2) 14... Rc8 $16 15. Bg2 Qd7 16. Kb1 (16. Bxd5 $6 Bxd5 17. Rhe1 (17. Bxc5 Bxh1 18. Qxd6 Qxd6 $17) 17... Nb3+ 18. cxb3 Rfd8 $14) 16... Rfd8 17. Qe3 (17. Bxd5 Bg4 $16) (17. Nxd5 $142 {aiming for Qe2.} Bf8 18. Ne3) 17... Re8 {[%emt 0:03:00] [#]} 18. Qf2 $1 Bg4 19. Rde1 (19. Bxd5 $6 Bxd1 20. Rxd1 b6 $11) (19. Nxd5 Re2 20. Qf1 {[#]} Rxc2 $1 $17) 19... Na4 20. Qd2 (20. Bxd5 $6 Nxc3+ 21. Bxc3 Bxa3 $11) 20... Bf5 ({Black should try} 20... Be6) 21. Rxe8+ ({Don't take} 21. Bxd5 $6 Red8 $14) 21... Qxe8 22. Re1 Qd7 23. Bxd5 (23. h3 {looks sharper.} h5 24. g4 Nxc3+ 25. Bxc3 hxg4 26. hxg4 Bxg4 27. Bxd5 Bf8 28. Qg2) 23... Bc5 24. Nxa4 Bxd4 25. Qxd4 Bxc2+ 26. Ka1 Bxa4 27. Qxa7 {[%emt 0:00:07] 0x0.0024c28cabbddp-1022s more active pieces.} Qxd5 28. Qxa4 {[%emt 0:00:04][%mdl 4096] Endgame Intending Re8+ and mate. KQR-KQR} h5 29. Qd1 Qxd1+ 30. Rxd1 {[%emt 0:00:03] Black must now prevent h4. KR-KR} Rc2 $2 {[%emt 0:00:18] This move loses the game for Black.} (30... h4 $16 {was worth a try.} 31. Kb1 (31. gxh4 Rc4 $16) 31... hxg3) 31. h4 $18 g6 (31... Rc7 $142 32. Rd8+ Kh7) 32. Rd3 Kf8 33. Rb3 Rc7 34. Kb1 Ke8 35. Rb6 Kd7 36. f5 gxf5 37. Rf6 Rc4 $2 (37... Rc5 38. Rxf7+ Kc6) 38. Rxf7+ {[%emt 0:00:52] White is clearly winning.} Ke6 39. Rxb7 Rg4 40. Rb3 f4 41. gxf4 ({Not} 41. Rb6+ Kf5 42. gxf4 (42. Rb5+ Kg6 $16) 42... Rxh4 $16) 41... Rxh4 42. Rb5 Kf6 43. Rg5 Rh1+ 44. Ka2 ({Less strong is} 44. Kc2 h4 $16) 44... h4 45. a4 Rf1 46. Rg4 Rh1 47. a5 Kf5 48. Rg8 Rd1 49. Rh8 Kg4 50. b4 h3 51. a6 {[%emt 0:00:00] Weighted Error Value: White=0.07 (flawless) /Black=0.29 (precise)} 1-0

[Event "44th Chess Olympiad Open 2022"]
[Site "Chennai"]
[Date "2022.08.05"]
[Round "7.16"]
[White "Delgado Ramirez, Neuris"]
[Black "Lupulescu, Constantin"]
[Result "1/2-1/2"]
[ECO "C11"]
[WhiteElo "2614"]
[BlackElo "2628"]
[Annotator "ChessBase"]
[PlyCount "70"]
[EventDate "2022.07.29"]
[EventType "team-tourn"]
[EventCountry "IND"]
[SourceTitle "playchess.com"]
[Source "ChessBase"]
[SourceQuality "1"]
[WhiteTeam "Paraguay"]
[BlackTeam "Romania"]
[WhiteTeamCountry "PAR"]
[BlackTeamCountry "ROU"]
[TimeControl "40/5400+30:1800+30"]

1. e4 e6 2. d4 d5 3. Nc3 Nf6 4. e5 Nfd7 5. f4 c5 6. Nf3 Nc6 7. Be3 Be7 8. Qd2 a6 9. a3 b5 10. dxc5 Nxc5 11. Qf2 Nd7 12. Bd3 O-O 13. O-O f6 14. exf6 Nxf6 15. Nd4 Bd7 16. Nxc6 Bxc6 17. Bd4 Bd7 18. Kh1 Qc7 19. Be5 Bd6 20. Bxd6 Qxd6 21. Qd4 Rab8 22. b4 Qb6 23. Ne2 Be8 24. Qxb6 Rxb6 25. Nd4 Bg6 26. f5 exf5 27. Nxf5 Re8 28. h3 Bxf5 29. Rxf5 g6 30. Rf4 Ne4 31. a4 bxa4 32. Ra2 a3 33. Rxa3 Ree6 34. Ra4 Kg7 35. Kh2 Nc3 1/2-1/2

[Event "44th Chess Olympiad Open 2022"]
[Site "Chennai"]
[Date "2022.08.05"]
[Round "7.16"]
[White "Gavrilescu, David"]
[Black "Cubas, Jose Fernando"]
[Result "1-0"]
[ECO "B51"]
[WhiteElo "2525"]
[BlackElo "2451"]
[Annotator "RC"]
[PlyCount "91"]
[EventDate "2022.07.29"]
[EventType "team-tourn"]
[EventCountry "IND"]
[SourceTitle "playchess.com"]
[Source "ChessBase"]
[SourceQuality "1"]
[WhiteTeam "Romania"]
[BlackTeam "Paraguay"]
[WhiteTeamCountry "ROU"]
[BlackTeamCountry "PAR"]
[TimeControl "40/5400+30:1800+30"]

1. e4 c5 2. Nf3 d6 3. Bb5+ Nd7 4. d4 cxd4 5. Qxd4 a6 6. Be2 Ngf6 7. O-O g6 8. Nc3 Bg7 9. Rd1 O-O 10. e5 Nxe5 11. Nxe5 Nd7 12. Nxf7 Bxd4 13. Nxd8 Bxf2+ 14. Kh1 Rxd8 15. Bc4+ Kg7 16. Rf1 Ne5 17. Rxf2 Nxc4 18. Bg5 Bf5 19. Bxe7 Re8 20. Nd5 Rac8 21. Bf6+ Kf7 22. Bd4 Re4 23. c3 Rce8 24. Raf1 R8e6 25. h3 h5 26. Nf4 Ne3 27. Nxe6 Kxe6 28. Re1 Nc4 29. Rxe4+ Bxe4 30. Kh2 Ne5 31. Bxe5 dxe5 32. Kg3 Bd5 33. b3 b5 34. Rf8 g5 35. Rh8 h4+ 36. Kg4 Bxg2 37. Kxg5 Bxh3 38. Rxh4 Bf1 39. Rh6+ Kd5 40. Rxa6 Ke4 41. Rd6 Ke3 42. a4 bxa4 43. bxa4 e4 44. a5 Ke2 45. Kf4 Bg2 46. a6 1-0